 Dungeon Sprint DCSS version 0.26.0-91-g99b343417d (webtiles) character file.

Game seed: 6695788569269957203

2438 Groucho the Unseen (level 9, -1/47 HPs)
             Began as a Felid Monk on Feb 4, 2021.
             Was the Champion of Makhleb.
             Killed by divine providence
             ... invoked by an orc high priest
              (13 damage)
             ... in the Dungeon (Sprint IX: "|||||||||||||||||||||||||||||").
             The game lasted 00:04:06 (1827 turns).

Groucho the Unseen (Felid Monk)                     Turns: 1827, Time: 00:04:06

Health: -1/47      AC:  2    Str:  7    XL:     9   Next: 25%
Magic:  16/18      EV: 34    Int: 11    God:    Makhleb [******]
Gold:   33         SH:  0    Dex: 22    Spells: 8/8 levels left
                                        Lives:  0   Deaths: 2

rFire    . . .     SeeInvis +     - Unarmed
rCold    . . .     Faith    .   (shield unavailable)
rNeg     . . .     Spirit   .   (armour unavailable)
rPois    +         Reflect  .   (helmet unavailable)
rElec    .         Harm     .   (cloak unavailable)
rCorr    .         Rampage  .   (gloves unavailable)
Will     +....     NoTele   +   (boots unavailable)
Stlth    ++++++++..             (no amulet)
HPRegen  0.15/turn              j - +2 ring of evasion
MPRegen  0.16/turn              m - ring of poison resistance

@: very slightly contaminated, invisible, quick
A: very small, no armour, no weapons or thrown items, stealth, claws 1, fangs 3,
see invisible, speed 1, shaggy fur 2, sharp paws
a: Renounce Religion, Minor Destruction, Lesser Servant of Makhleb, Major
Destruction, Greater Servant of Makhleb


You were in the Dungeon.
You worshipped Makhleb.
Makhleb was exalted by your worship.
You visited 1 branch You collected 33 gold pieces.

Inventory:

Jewellery
 j - a +2 ring of evasion (left paw)
 k - a +3 ring of strength
 m - a ring of poison resistance (right paw)
 q - an uncursed ring of fire
 r - an uncursed ring of ice
 s - an uncursed ring of protection from cold
Wands
 i - a wand of iceblast (10)
 t - a wand of paralysis (9)
Scrolls
 f - 2 scrolls of blinking
 g - 3 scrolls of remove curse
 h - 2 scrolls of amnesia
 n - a scroll of fear
 o - 2 scrolls of fog
 p - a scroll of identify
Potions
 b - 4 potions of heal wounds
 c - 2 potions of haste
 d - 4 potions of magic
 e - 2 potions of curing
 l - a potion of brilliance


   Skills:
 + Level 10.6 Fighting
 + Level 13.4 Dodging
 + Level 18.3 Stealth
 + Level 10.6 Unarmed Combat
 + Level 10.8 Invocations


You had 8 spell levels left.
You didn't know any spells.
Your spell library was empty.

Dungeon Overview and Level Annotations

Branches:
Dungeon (1/1)

Altars:
Cheibriados
Dithmenos
Elyvilon
Fedhas
Gozag
Hepliaklqana
Kikubaaqudgha
Makhleb
Nemelex Xobeh
Okawaru
Qazlal
Ru
Sif Muna
Trog
Uskayaw
Vehumet
Wu Jian
Xom
Yredelemnul
Zin
The Shining One
Beogh
Jiyva
Lugonu

Shops:
D ([


Innate Abilities, Weirdness & Mutations

You cannot wear armour.
You are incapable of wielding weapons or throwing items.
Your paws allow you to move quietly. (Stealth)
You have sharp claws.
You have razor-sharp teeth.
You have supernaturally acute eyesight. (SInv)
You cover ground quickly.
You are covered in thick fur. (AC +2)
Your sharp claws are effective at attacking unaware monsters.


Message History

You closely miss the orc high priest.
You bite the orc high priest, but do no damage.
The orc high priest is moderately wounded.
The orc high priest prays to Beogh.
The orc high priest mumbles some strange prayers to Beogh.
Unknown command.
You completely miss the orc high priest.
Your claw misses the orc high priest.
The orc high priest is moderately wounded.
The orc high priest mumbles some strange prayers to Beogh.
The orc high priest invokes the aid of Beogh against you.
Beogh smites you!
The orc high priest calls down the wrath of Beogh upon you.
Beogh smites you!
* * * LOW HITPOINT WARNING * * *
You barely miss the orc high priest. You claw the orc high priest.
The orc high priest is moderately wounded.
The orc high priest invokes the aid of Beogh against you.
Beogh smites you!
You die...

▓.▓.▓
▓)▓
▓.▓.▓
▓4▓(▓
▓'▓.▓
▓o▓.▓
▓)▓.▓
▓o▓.▓
▓)▓.▓
▓o▓.▓
▓.▓.▓
▓o▓.▓
▓.▓.▓
▓o▓.▓
▓.▓.▓
▓o▓.▓
▓.▓.▓
▓@▓.▓
▓'▓.▓
▓3▓)▓
▓†▓.▓
▓.▓.▓
▓)▓.▓
▓.▓.▓
▓.▓.▓
▓.▓.▓
▓.▓.▓
▓.▓.▓
▓.▓.▓
▓.▓.▓
▓.▓.▓
▓.▓.▓
▓'▓.▓
▓.▓.▓


You could see 5 orc high priests, a sun demon (summoned), an ice devil
(summoned) and an orc priest.

Vanquished Creatures
  A two-headed ogre (D)
  An orc high priest (D)
  Sonja (D)
  Maurice (D)
  6 cane toads (D)
  A blink frog (D)
  A yak (D)
  A basilisk (D)
  A steam dragon (D)
  A water moccasin (D)
  A sky beast (D)
  An ogre (D)
  2 bullfrogs (D)
  2 killer bees (D)
  A wight (D)
  A hound (D)
  2 worker ants (D)
  A gnoll (D)
  An adder (D)
  An orc (D)
  2 bat skeletons (D)
  A bat zombie (D)
  A giant cockroach (D)
  A goblin (D)
  A hobgoblin (D)
  2 kobolds (D)
  A quokka (D)
  A quokka skeleton (D)
38 creatures vanquished.

Notes
Turn   | Place    | Note
-------+----------+-------------------------------------------
     0 | D        | Groucho the Felid Monk began the quest for the Orb.
     0 | D        | Reached XP level 1. HP: 10/10 MP: 2/2
     7 | D        | Reached skill level 3 in Stealth
    28 | D        | Noticed a worker ant
    34 | D        | Reached skill level 4 in Stealth
    34 | D        | Reached XP level 2. HP: 9/14 MP: 3/3
    43 | D        | Reached skill level 5 in Dodging
    43 | D        | Reached skill level 5 in Stealth
    43 | D        | Reached XP level 3. HP: 12/18 MP: 4/4
   467 | D        | Found a roughly hewn altar of Beogh.
   467 | D        | Found a snail-covered altar of Cheibriados.
   467 | D        | Found a shadowy altar of Dithmenos.
   467 | D        | Found a white marble altar of Elyvilon.
   467 | D        | Found a blossoming altar of Fedhas.
   467 | D        | Found an opulent altar of Gozag.
   468 | D        | Found a hazy altar of Hepliaklqana.
   469 | D        | Found a viscous altar of Jiyva.
   470 | D        | Found an ancient bone altar of Kikubaaqudgha.
   471 | D        | Found a corrupted altar of Lugonu.
   472 | D        | Found a burning altar of Makhleb.
   473 | D        | Found a sparkling altar of Nemelex Xobeh.
   474 | D        | Found an iron altar of Okawaru.
   475 | D        | Found a stormy altar of Qazlal.
   476 | D        | Found a sacrificial altar of Ru.
   477 | D        | Found a shimmering blue altar of Sif Muna.
   478 | D        | Found a bloodstained altar of Trog.
   479 | D        | Found a hide-covered altar of Uskayaw.
   480 | D        | Found a radiant altar of Vehumet.
   481 | D        | Found an ornate altar of the Wu Jian Council.
   482 | D        | Found a shimmering altar of Xom.
   483 | D        | Found a basalt altar of Yredelemnul.
   484 | D        | Found a glowing silver altar of Zin.
   485 | D        | Found a glowing golden altar of the Shining One.
   516 | D        | Became a worshipper of Makhleb the Destroyer
   516 | D        | Reached * piety under Makhleb
   516 | D        | Reached ** piety under Makhleb
   548 | D        | Noticed a killer bee
   548 | D        | Noticed an ogre
   548 | D        | Noticed a sky beast
   551 | D        | Reached skill level 5 in Fighting
   551 | D        | Reached skill level 6 in Stealth
   551 | D        | Reached skill level 5 in Unarmed Combat
   551 | D        | Reached XP level 4. HP: 23/23 MP: 5/5
   553 | D        | Reached skill level 7 in Stealth
   560 | D        | Killed an ogre
   561 | D        | Reached skill level 8 in Stealth
   561 | D        | Reached XP level 5. HP: 28/28 MP: 6/6
   573 | D        | Killed a sky beast
   573 | D        | Reached *** piety under Makhleb
   574 | D        | Reached skill level 9 in Stealth
   574 | D        | Gained mutation: You are covered in thick fur. (AC +2)
                  | [Felid growth]
   574 | D        | Reached XP level 6. HP: 16/33 MP: 7/7
   934 | D        | Noticed a two-headed ogre
   938 | D        | Reached **** piety under Makhleb
   939 | D        | Reached skill level 10 in Stealth
   944 | D        | Reached skill level 10 in Dodging
   953 | D        | Killed a two-headed ogre
   954 | D        | Reached skill level 12 in Stealth
   954 | D        | Reached XP level 7. HP: 38/38 MP: 8/8
   954 | D        | Reached XP level 8. HP: 42/42 MP: 9/9
  1065 | D        | Noticed a cane toad
  1065 | D        | Noticed a cane toad
  1065 | D        | Noticed a cane toad
  1065 | D        | Noticed a cane toad
  1080 | D        | Killed a cane toad
  1081 | D        | Reached skill level 13 in Stealth
  1088 | D        | Reached ***** piety under Makhleb
  1089 | D        | Reached skill level 14 in Stealth
  1093 | D        | Noticed a blink frog
  1096 | D        | Killed a cane toad
  1099 | D        | Killed a cane toad
  1100 | D        | Reached skill level 15 in Stealth
  1100 | D        | Reached XP level 9. HP: 46/46 MP: 10/15
  1101 | D        | Killed a cane toad
  1102 | D        | Reached skill level 16 in Stealth
  1132 | D        | Reached skill level 17 in Stealth
  1546 | D        | Noticed a cane toad
  1546 | D        | Noticed a cane toad
  1547 | D        | Noticed a black mamba
  1548 | D        | Killed a cane toad
  1553 | D        | Noticed a polar bear
  1562 | D        | Killed a cane toad
  1562 | D        | Reached ****** piety under Makhleb
  1563 | D        | Reached skill level 10 in Invocations
  1575 | D        | Slain by a black mamba
  1576 | D        | Reached XP level 8. HP: -2/43 MP: 16/16
  1643 | D        | Slain by a black mamba
  1644 | D        | Reached XP level 7. HP: -1/39 MP: 15/15
  1730 | D        | Noticed Sonja
  1740 | D        | Noticed Maurice
  1775 | D        | Killed Sonja
  1776 | D        | Reached skill level 10 in Fighting
  1776 | D        | Reached skill level 10 in Unarmed Combat
  1776 | D        | Reached XP level 8. HP: 32/43 MP: 16/16
  1785 | D        | Killed Maurice
  1786 | D        | Reached skill level 18 in Stealth
  1807 | D        | Found Paningad's Armour Shoppe.
  1807 | D        | Noticed an orc high priest
  1807 | D        | Noticed an orc high priest
  1807 | D        | Noticed an orc high priest
  1807 | D        | Noticed an orc high priest
  1808 | D        | Noticed an orc high priest
  1811 | D        | Noticed an orc high priest
  1821 | D        | Killed an orc high priest
  1822 | D        | Reached XP level 9. HP: 28/47 MP: 16/18
  1822 | D        | Found Oxapyum's Antique Weapon Emporium.
  1822 | D        | Noticed an ice devil
  1827 | D        | Noticed a sun demon
  1827 | D        | Killed from afar by an orc high priest

Illustrated notes

Levels and vault maps discovered:
D:        linesprint [early_d, line_temple, items_1, d_10, items_2, lair_1,
          lair_end, items_3, orc_1, orc_end, items_4, d_15, swamp_1, shoals_1,
          snake_1, spider_1, d_20, vaults_1, items_5, swamp_end, shoals_end,
          snake_end, spider_end, vaults_end, d_27, items_6, zot_1, zot_end,
          crypt_end, forest_end, elf_end, slime_end, tomb_end, abyss_end,
          pan_hell_end]

Skill      XL: |  1  2  3  4  5  6  7  8  9 |
---------------+----------------------------+-----
Stealth        | 4 5 6 8 9 12 18 17 | 18.3
Fighting       | 4 5 6 7 9 10 | 10.6
Dodging        | 5 6 8 9 11 13 12 | 13.4
Unarmed Combat | 4 5 6 7 9 10 | 10.6
Invocations    | 7 10 | 10.8

Action                   |  1- 3 |  4- 6 |  7- 9 || total
-------------------------+-------+-------+-------++-------
Melee: Unarmed           |    36 |    42 |   131 ||   209
       Bite              |     4 |     8 |    18 ||    30
       Punch             |       |     3 |     9 ||    12
  Use: Potion            |     2 |     1 |     5 ||     8
 Stab: Sleeping          |     1 |     3 |     2 ||     6
Armor: Skin              |     1 |       |     1 ||     2
Dodge: Dodged            |    25 |    31 |   146 ||   202
